 Dungeon Crawl Stone Soup version 0.31-a0-1066-g35875b34c7 (webtiles) character file.

Game seed: 16943452567081420729

5827 MacCMillion the Nimble (level 10, -1/45 (58) HPs)
             Began as a Deep Elf Earth Elementalist on Nov 22, 2023.
             Was a Believer of Vehumet.
             Slain by a spectral orc warrior
             ... wielding a +0 dire flail
             ... summoned by Nergalle
              (9 damage)
             ... on level 10 of the Dungeon.
             The game lasted 00:35:32 (12372 turns).

MacCMillion the Nimble (DEEE)                      Turns: 12372, Time: 00:35:32

HP:   -1/45 (58)    AC:  8    Str:  5    XL:     10   Next: 51%
MP:   21/23         EV: 17    Int: 25    God:    Vehumet [**....]
Gold: 332           SH:  6    Dex: 21    Spells: 13/24 levels left

rFire   . . .        r - staff of earth
rCold   + . .        e - +0 buckler
rNeg    . . .        F - +0 steam dragon scales
rPois   .            w - +0 helmet
rElec   .            z - +1 cloak
rCorr   .            (no gloves)
SInv    .            (no boots)
Will    +....        y - amulet of magic regeneration
Stlth   +++          n - +6 ring of dexterity
HPRegen 0.27/turn    B - ring of protection from cold
MPRegen 0.58/turn

%: no passive effects
@: heavily drained
A: no striking features
a: Renounce Religion


You were on level 10 of the Dungeon.
You worshipped Vehumet.
Vehumet was pleased with you.
You visited 2 branches of the dungeon, and saw 12 of its levels.
You also visited: Sewer.

You collected 431 gold pieces.
You spent 99 gold pieces at shops.

Inventory:

Hand Weapons
 f - a +2 short sword of freezing
Missiles
 E - 2 throwing nets
Armour
 a - a +0 robe
 e - a +0 buckler (worn)
 w - a +0 helmet (worn)
 z - a +1 cloak (worn)
 F - +0 steam dragon scales (worn)
Magical Staves
 r - a staff of earth (weapon)
Jewellery
 n - a +6 ring of dexterity (left hand)
 x - a ring of fire
 y - an amulet of magic regeneration (around neck)
 B - a ring of protection from cold (right hand)
Wands
 G - a wand of roots (7)
 J - a wand of polymorph (6)
Scrolls
 c - 3 scrolls of blinking
 d - 5 scrolls of fog {unknown}
 g - 2 scrolls of enchant armour {unknown}
 i - a scroll of poison
 j - a scroll of fear {unknown}
 k - 3 scrolls of noise {unknown}
 p - 2 scrolls of brand weapon {unknown}
 t - 2 scrolls of immolation {unknown}
 A - 3 scrolls of teleportation {unknown}
 C - a scroll of torment {unknown}
 I - a scroll of revelation {unknown}
Potions
 b - a potion of magic
 h - 3 potions of brilliance
 l - a potion of ambrosia
 m - 2 potions of resistance
 o - 3 potions of curing
 q - a potion of lignification
 s - 2 potions of degeneration
 u - 2 potions of enlightenment
 v - a potion of invisibility
 D - a potion of haste
 H - a potion of might {unknown}


   Skills:
 + Level 4.6 Fighting
 - Level 8.0 Dodging
 - Level 4.0 Stealth
 - Level 5.0 Shields
 + Level 7.9 Spellcasting
 - Level 7.5 Conjurations
 - Level 1.1 Transmutations
 + Level 3.6 Air Magic
 - Level 7.5 Earth Magic


You had 13 spell levels left.
You knew the following spells:

 Your Spells              Type           Power      Damage    Failure   Level
a - Sandblast             Erth           100%       2d20      1%          1
b - Stone Arrow           Conj/Erth      100%       3d13      1%          3
c - Brom's Barrelling Bo  Conj/Erth      64%        2d8       4%          4
d - Swiftness             Air            28%        N/A       7%          3

Your spell library contained the following spells:

 Spells                   Type           Power      Damage    Failure   Level
 Shock                    Conj/Air       100%       1d9       1%          1
 Magic Dart               Conj           100%       1d8       1%          1
 Searing Ray              Conj           94%        2d7       1%          2
 Passwall                 Tmut/Erth      39%        N/A       2%          2
 Ensorcelled Hibernation  Hex/Ice        18%        N/A       16%         2
 Petrify                  Tmut/Erth      47%        N/A       17%         4
 Fulminant Prism          Conj/Hex       14%        3d8       22%         4


Dungeon Overview and Level Annotations

Branches:
Dungeon (11/15)            Temple (1/1) D:6            Lair (0/5) D:8
  Sewer (visited)
    Orc: D:9-12

Altars:
Ashenzari
Cheibriados
Dithmenos
Elyvilon
Fedhas
Gozag
Hepliaklqana
Kikubaaqudgha
Makhleb
Nemelex Xobeh
Okawaru
Qazlal
Ru
Sif Muna
Trog
Uskayaw
Vehumet
Wu Jian
Xom
Yredelemnul
Zin
The Shining One

Shops:
D:1 *   D:3 ?   D:6 *?   D:7 *

Annotations:
D:3 1 runed translucent door, Crazy Yiuf, Sigmund
D:4 exclusion: water moccasin
D:6 exclusions: centaur and 1 more exclusion
D:9 2 runed translucent doors
D:10 Nergalle


Message History

There is a stone staircase leading up here.
Casting: Stone Arrow (safe; 1% risk of failure)
Confirm with . or Enter, or press ? or * to list all spells.
Aiming: Stone Arrow (safe; 1% risk of failure)
Press: ? - help, Shift-Dir - straight line, f - howler monkey
Aim: a howler monkey (75% to hit)
You feel a surge of power!
The stone arrow hits the howler monkey!!
You kill the howler monkey!
Vehumet accepts your kill.
You start resting.
Magic restored.
HP restored.
You start waiting.
Done waiting.
You climb upwards.
Level annotation: Nergalle
There is a stone staircase leading down here.
Casting: Stone Arrow (safe; 1% risk of failure)
Confirm with . or Enter, or press ? or * to list all spells.
Aiming: Brom's Barrelling Boulder (dangerous; 4% risk of failure)
Press: ? - help, Dir - move target You feel a surge of power!
You send a boulder barrelling forward!
Nergalle casts a spell at you.
Orcish apparitions take form around you.
Nergalle points at you and mumbles some strange words.
The bolt of negative energy hits you!!!
You feel drained.
Ouch! That really hurt!
* * * LOW HITPOINT WARNING * * *
You block the spectral orc warrior's attack.
The spectral orc warrior attacks as it pursues you!
The spectral orc warrior misses you.
The spectral orc warrior attacks as it pursues you!
The spectral orc warrior completely misses you.
There is a stone staircase leading down here.
The spectral orc warrior hits you with a +0 short sword.
* * * LOW HITPOINT WARNING * * *
You feel drained.
The spectral orc warrior hits you with a +0 dire flail!
You die...

#################################
..............................o..
..................°○°○*#.........
..>.............@Z.....#.........
.# #..........ZZ...o......).#..
.# #...........................
.# #........##.................
.# #........##....############.
.# #........##....# #.
.#####........##....# #.
.†............##....# ##
...<................#


You could see Nergalle (ally target), 3 spectral orc warriors and a friendly
boulder.

Vanquished Creatures
  A two-headed ogre (D:9)
  An elephant (D:8)
  2 trolls (D:10)
  A yak (D:7)
  2 steam dragons (D:8)
  4 water moccasins
  5 sky beasts
  2 black bears (D:8)
  3 orc warriors
  An ice beast (D:7)
  An ogre (D:5)
  5 centaurs
  A phantom (D:5)
  A kobold brigand (D:9)
  A bullfrog (D:6)
  2 gnoll sergeants
  3 scorpions
  3 wights (D:8)
  8 killer bees
  A howler monkey (D:11)
  2 jellies
  A sleepcap (D:6)
  3 orc priests
  A gnoll bouda (D:7)
  8 hounds
  6 iguanas
  5 orc wizards
  A hell rat (Sewer)
  19 gnolls
  5 adders
  A river rat (Sewer)
  3 shadow imps
  2 ufetubi (D:5)
  2 worms (D:3)
  3 dart slugs
  22 orcs
  4 ball pythons
  3 endoplasms
  8 giant cockroaches
  6 goblins
  8 hobgoblins
  8 quokkas
  10 bats
  4 frilled lizards
  14 kobolds
  8 rats
205 creatures vanquished.

Vanquished Creatures (collateral kills)
  6 boulders
6 creatures vanquished.

Vanquished Creatures (others)
  7 boulders
7 creatures vanquished.

Grand Total: 218 creatures vanquished

Notes
Turn   | Place    | Note
-------+----------+-------------------------------------------
     0 | D:1      | MacCMillion the Deep Elf Earth Elementalist began the quest
                  | for the Orb.
     0 | D:1      | Reached XP level 1. HP: 10/10 MP: 6/6
   378 | D:1      | Reached XP level 2. HP: 15/15 MP: 6/8
   614 | D:1      | Found Ecetor's General Store.
  1111 | D:1      | Reached XP level 3. HP: 19/19 MP: 6/9
  1767 | D:2      | Reached skill level 1 in Conjurations
  1848 | D:2      | Learned a level 3 spell: Stone Arrow
  2442 | D:3      | Reached XP level 4. HP: 24/24 MP: 8/10
  2586 | D:3      | Found Egidy's Magic Scroll Boutique.
  2594 | D:3      | Bought a scroll of blinking for 75 gold pieces
  2747 | D:3      | Noticed Sigmund
  2860 | D:3      | Found a glowing drain.
  2935 | Sewer    | Entered a sewer
  3048 | Sewer    | Reached XP level 5. HP: 28/28 MP: 7/12
  3401 | D:3      | Found a runed translucent door.
  3402 | D:3      | Noticed Crazy Yiuf
  3536 | D:4      | Reached skill level 5 in Earth Magic
  3734 | D:4      | Reached XP level 6. HP: 30/32 MP: 9/15
  3804 | D:4      | Reached skill level 5 in Spellcasting
  4091 | D:4      | Noticed a water moccasin
  4611 | D:5      | Entered Level 5 of the Dungeon
  4641 | D:5      | Reached skill level 3 in Dodging
  4641 | D:5      | Reached skill level 1 in Shields
  4656 | D:5      | Learned a level 4 spell: Brom's Barrelling Boulder
  4675 | D:5      | Reached XP level 7. HP: 36/36 MP: 10/16
  4989 | D:5      | Reached skill level 4 in Dodging
  5234 | D:5      | Found a shadowy altar of Dithmenos.
  5524 | D:5      | Found an ornate altar of the Wu Jian Council.
  5527 | D:5      | Found a sparkling altar of Nemelex Xobeh.
  5978 | D:6      | Reached XP level 8. HP: 41/41 MP: 11/17
  6138 | D:6      | Reached skill level 5 in Dodging
  6304 | D:6      | Reached skill level 6 in Dodging
  6344 | D:6      | Found Faraewk's Magic Scroll Shoppe.
  6366 | D:6      | Bought a scroll of identify for 24 gold pieces
  6447 | D:6      | Reached skill level 7 in Dodging
  6567 | D:6      | Found a staircase to the Ecumenical Temple.
  6574 | D:6      | Found Iosmohoj's Incredible Inventory.
  6583 | Temple   | Entered the Ecumenical Temple
  6625 | Temple   | Became a worshipper of Vehumet
  6865 | D:7      | Found Iluatikh's Overcharged Wands.
  6888 | D:7      | Reached skill level 8 in Dodging
  6888 | D:7      | Reached skill level 5 in Conjurations
  6895 | D:7      | HP: 2/41 [orc priest/divine providence (11)]
  7299 | D:7      | Reached XP level 9. HP: 44/46 MP: 14/18
  7334 | D:7      | Reached skill level 1 in Fighting
  7680 | D:7      | Reached * piety under Vehumet
  7680 | D:7      | Offered knowledge of Kiss of Death by Vehumet.
  8342 | D:8      | Found a broken altar of Ashenzari.
  8390 | D:8      | Found a snail-covered altar of Cheibriados.
  8540 | D:8      | Found a staircase to the Lair.
  8555 | D:8      | Noticed an elephant
  8580 | D:7      | Reached skill level 5 in Shields
  9240 | D:8      | Killed an elephant
  9270 | D:8      | Offered knowledge of Shock by Vehumet.
  9271 | D:8      | Reached XP level 10. HP: 56/56 MP: 18/22
  9331 | D:8      | Reached ** piety under Vehumet
 10188 | D:8      | Learned a level 3 spell: Swiftness
 10777 | D:9      | Identified the +6 dagger of Wyrd {chaos, rPois rCorr Int+4}
 10777 | D:9      | Identified the +4 robe of the Iron City of Dis {Harm rF+
                  | Regen+}
 10827 | D:9      | Noticed a two-headed ogre
 10846 | D:9      | Killed a two-headed ogre
 11593 | D:9      | Found a large runed translucent door.
 11593 | D:9      | Found a large runed translucent door.
 11595 | D:9      | Found a shimmering altar of Xom.
 11595 | D:9      | Noticed a red ugly thing
 11828 | D:10     | Entered Level 10 of the Dungeon
 12031 | D:10     | Identified the +9 triple crossbow of Context {drain, Will++
                  | Int+3}
 12054 | D:10     | Noticed Nergalle
 12372 | D:10     | Slain by a spectral orc warrior

Illustrated notes

Levels and vault maps discovered:
D:1:      lemuel_arrival_muddy, layout_basic, serial_shops,
          nicolae_shop_statue_plus, nicolae_concentric_dashed_squares_wild,
          corexii_item_surrounded_by_moat, minmay_worlds_worst_comb
D:2:      layout_rooms
D:3:      layout_basic, serial_shops, shop, cheibrodos_sewer_entry_bend,
          hex_medium, uniq_crazy_yiuf_cottage, uniq_sigmund
D:4:      layout_gridville, cheibrodos_gnoll_hut
D:5:      layout_basic, mainiacjoe_overflow_catch_the_wave,
          grunt_dithmenos_smoke
D:6:      nicolae_whirlpool, layout_rooms, minmay_temple_entry_glassed_door,
          serial_shops, shop, nicolae_alphabet_shops
D:7:      layout_cave_pools, hangedman_glass_teeth, st_stairs_14,
          nicolae_shop_overcharged_wands
D:8:      layout_layer_cave, grunt_temple_overflow_open, david_lair_generic
D:9:      due_chaos_kobolds, layout_loops_cross, minivault_23
D:10:     layout_stronghold, uniq_psyche, uniq_nergalle
D:11:     layout_roguey
Temple:   minmay_crystal_spiral_temple

Skill      XL: |  1  2  3  4  5  6  7  8  9 10 |
---------------+-------------------------------+-----
Earth Magic    | 4 5 6 7 |  7.5
Stealth        | 3 4 |  4.0
Conjurations   | 1 2 3 4 6 7 |  7.5
Spellcasting   | 4 5 7 |  7.9
Dodging        | 3 4 8 |  8.0
Shields        | 1 3 4 5 |  5.0
Fighting       | 3 4 |  4.6
Air Magic      | 3 |  3.6
Transmutations | |  1.1

Action                     |  1- 3 |  4- 6 |  7- 9 | 10-12 || total
---------------------------+-------+-------+-------+-------++-------
  Melee: Staff             |       |       |       |     1 ||     1
   Cast: Sandblast         |    61 |    58 |    34 |    16 ||   169
         Stone Arrow       |       |    10 |   100 |    22 ||   132
         Brom's Barrelling |       |       |     9 |    21 ||    30
    Use: Scroll            |       |       |     5 |     5 ||    10
         Potion            |       |       |     1 |       ||     1
 Armour: Robe              |    10 |     8 |    19 |       ||    37
         Steam dragon scal |       |       |    12 |    25 ||    37
  Dodge: Dodged            |    16 |    11 |    39 |    37 ||   103
  Block: Buckler           |       |       |     3 |    19 ||    22

Table legend: (Time is in decaauts)
 A = Elapsed time spent in this place.
 B = Non-inter-level travel time spent in this place.
 C = Inter-level travel time spent in this place.
 D = Time resting spent in this place.
 E = Time spent auto-exploring this place.
 F = Levels seen in this place.
 G = Mean time per level.
                   A        B        C        D        E       F      G
               +--------+--------+--------+--------+--------+-----+--------+
         Total |  12484 |  11916 |    568 |   4293 |   4855 |  13 |  960.3 |
       Dungeon |  12212 |  11726 |    486 |   4207 |   4840 |  11 | 1110.2 |
        Temple |     84 |      2 |     82 |      0 |      0 |   1 |   84.0 |
         Sewer |    187 |    187 |      0 |     86 |     15 |   1 |  187.0 |
               +--------+--------+--------+--------+--------+-----+--------+

Top non-repeatable levels by time:
     D:1: 1695 daAuts
     D:9: 1627 daAuts
     D:8: 1567 daAuts
     D:7: 1400 daAuts
     D:6: 1309 daAuts
     D:5: 1252 daAuts
     D:4: 1117 daAuts
     D:3: 899 daAuts
     D:2: 798 daAuts
    D:10: 283 daAuts
    D:11: 260 daAuts
   Sewer: 187 daAuts
  Temple: 84 daAuts
